 Dungeon Sprint DCSS version 0.17-a0-1719-g1afd5a1 (webtiles) character file.

900000 ztt the Portalist (level 15, -3/129 HPs)
             Began as a Formicid Warper on Aug 28, 2015.
             Was a Follower of Makhleb.
             Slain by a meat berserker
             ... wielding a +9 battleaxe
              (37 damage)
             ... in the Dungeon (Sprint VIII: "Arena of Blood").
             The game lasted 00:00:18 (9 turns).

ztt the Portalist (Formicid Warper)                    Turns: 9, Time: 00:00:18

Health: -3/129     AC:  3    Str: 16    XL:     15   Next: 8%
Magic:  3/35       EV: 20    Int: 14    God:    Makhleb [*.....]
Gold:   0          SH:  0    Dex: 15    Spells: 1 memorised, 45 levels left

rFire  . . .     SeeInvis +     l - +∞ Axe of Woe
rCold  . . .     Clarity  .     b - +0 leather armour
rNeg   . . .     SustAt   .     (no shield)
rPois  .         Gourm    .     (helmet unavailable)
rElec  .         Spirit   .     (no cloak)
rCorr  .         Warding  .     (no gloves)
rMut   .         Stasis   +     (no boots)
MR     +....                    (no amulet)
Stlth  +.........               (no ring)
                                (no ring)

@: somewhat resistant to hostile enchantments, very unstealthy
A: permanent stasis, dig shafts and tunnels, four strong arms, antennae 3
a: Dig, Renounce Religion


You were in the Dungeon.
You worshipped Makhleb.
Makhleb was aware of your devotion.
You were not hungry.

You visited 1 branch

Inventory:

Hand weapons
 a - a +0 hand axe
 l - the +∞ Axe of Woe (weapon)
   (You found it in the Dungeon)
Missiles
 e - 5 tomahawks of dispersal (quivered)
Armour
 b - a +0 leather armour (worn)
Scrolls
 d - 2 scrolls of blinking
Potions
 g - a potion of curing
 h - a potion of heal wounds
 i - a potion of haste
 j - 2 potions of magic
 k - a potion of berserk rage
Books
 c - a book of Spatial Translocations

   Spells                             Type                      Level
   a - Apportation                    Translocation                1
   b - Blink                          Translocation                2
   c - Shroud of Golubria             Charms/Translocation         2
   d - Portal Projectile              Translocation                3
   e - Teleport Other                 Translocation                3
   f - Passage of Golubria            Translocation                4
Comestibles
 f - a bread ration


   Skills:
 + Level 15.3 Fighting
 + Level 13.9 Axes
 + Level 4.5 Throwing
 + Level 6.0 Armour
 + Level 12.7 Dodging
 + Level 16.0 Spellcasting
 + Level 23.2 Translocations


You had 45 spell levels left.
You knew the following spells:

 Your Spells              Type           Power        Failure   Level  Hunger
a - Apportation           Tloc           ######....   0%          1    None


Dungeon Overview and Level Annotations

Branches:
Dungeon (1/1)

Altars:
Makhleb


Innate Abilities, Weirdness & Mutations

You are under a permanent stasis effect.
You can dig through walls and to a lower floor.
Your four strong arms can wield two-handed weapons with a shield.
You have a pair of large antennae on your head (SInv).


Message History

Your Axes skill increases to level 12!
Your Spellcasting skill gained 2 levels and is now at level 15!
Your Translocations skill increases to level 21!
You have reached level 14!
You slash the bag of meat!
You dissect the bag of meat like a pig carcass.
You kill the bag of meat!
Makhleb accepts your kill.
Your Fighting skill increases to level 15!
Your Axes skill increases to level 13!
Your Armour skill increases to level 6!
Your Dodging skill increases to level 12!
Your Spellcasting skill increases to level 16!
Your Translocations skill gained 2 levels and is now at level 23!
You have reached level 15!
Your experience leads to an increase in your attributes!
Increase (S)trength, (I)ntelligence, or (D)exterity?
You feel agile.
You hear a shout! x12
The meat berserker hits you with a +9 battleaxe!!!
You die...

......... .
......... ..
......... ...
#.......#{ .#..
#.......#
.....###o......###.
...o..o...###......
#...O@).._......
#.....)o#.....#.
........#_.<._#
#.......#.....#
..#.....o.._......
..........###......
.....###... ..###.
..... #... {.#{{
#... {#{{


You could see a meat berserker (berserk) and 5 bags of meat.

Vanquished Creatures
  An ogre (D)
  2 orcs (D)
3 creatures vanquished.

Notes
Turn   | Place    | Note
--------------------------------------------------------------
     0 | D        | ztt the Formicid Warper began the quest for the Orb.
     0 | D        | Reached XP level 1. HP: 16/16 MP: 3/3
     3 | D        | Noticed a bag of meat
     4 | D        | Became a worshipper of Makhleb the Destroyer
     5 | D        | Noticed a meat berserker
     6 | D        | Noticed a bag of meat
     6 | D        | Noticed a bag of meat
     6 | D        | Noticed a bag of meat
     7 | D        | Noticed a bag of meat
     7 | D        | Noticed a bag of meat
     8 | D        | Noticed a meat berserker
     8 | D        | Killed a meat berserker
     8 | D        | Reached skill level 13 in Fighting
     8 | D        | Reached skill level 5 in Armour
     8 | D        | Reached skill level 20 in Translocations
     8 | D        | Reached XP level 2. HP: 19/40 MP: 3/16
     8 | D        | Reached XP level 3. HP: 21/46 MP: 3/18
     8 | D        | Reached XP level 4. HP: 24/53 MP: 3/19
     8 | D        | Reached XP level 5. HP: 26/59 MP: 3/21
     8 | D        | Reached XP level 6. HP: 29/66 MP: 3/22
     8 | D        | Reached XP level 7. HP: 31/72 MP: 3/24
     8 | D        | Reached XP level 8. HP: 34/79 MP: 3/25
     8 | D        | Reached XP level 9. HP: 36/85 MP: 3/26
     8 | D        | Reached XP level 10. HP: 38/92 MP: 3/27
     8 | D        | Reached XP level 11. HP: 40/98 MP: 3/28
     8 | D        | Reached XP level 12. HP: 42/105 MP: 3/29
     8 | D        | Reached XP level 13. HP: 44/111 MP: 3/30
     9 | D        | Killed a bag of meat
     9 | D        | Acquired Makhleb's first power
     9 | D        | Reached skill level 15 in Spellcasting
     9 | D        | Reached skill level 21 in Translocations
     9 | D        | Reached XP level 14. HP: 33/120 MP: 3/33
     9 | D        | Killed a bag of meat
     9 | D        | Reached skill level 15 in Fighting
     9 | D        | Reached skill level 23 in Translocations
     9 | D        | Reached XP level 15. HP: 34/129 MP: 3/35
     9 | D        | Slain by a meat berserker

Vault maps used:
D:        meatsprint

Action                   |  1- 3 |  4- 6 |  7- 9 | 10-12 | 13-15 || total
-------------------------+-------+-------+-------+-------+-------++-------
Melee: Executioner's axe |     1 |       |       |       |     1 ||     2
